 Dungeon Crawl Stone Soup version 0.18.1-48-g4cf74bf (webtiles) character file.

2233 manyhoops the Shield-Bearer (level 9, -1/72 HPs)
             Began as a Deep Dwarf Fighter on July 13, 2016.
             Killed from afar by an electric eel (9 damage)
             ... with a bolt of electricity
             ... on level 7 of the Dungeon.
             The game lasted 00:13:26 (5389 turns).

manyhoops the Shield-Bearer (Deep Dwarf Fighter)    Turns: 5389, Time: 00:13:26

Health: -1/72      AC: 10    Str: 22    XL:     9   Next: 14%
Magic:  13/13      EV: 15    Int: 10    God:
Gold:   306        SH: 11    Dex: 12    Spells: 0 memorised, 8 levels left

rFire  . . .     SeeInvis .     a - +1 war axe
rCold  . . .     Gourm    .     b - +0 scale mail
rNeg   . . .     Faith    .     c - +0 shield
rPois  .         Spirit   .     (no helmet)
rElec  .         Dismiss  .     (no cloak)
rCorr  .         Reflect  .     k - +0 pair of gloves
SustAt .         Harm     .     C - +0 pair of boots
MR     +....                    F - amulet of magic regeneration
Stlth  ..........               t - +4 ring of evasion
                                J - ring of magical power

@: non-regenerating, somewhat resistant to hostile enchantments, extremely
unstealthy
A: damage resistance, recharge devices, frail 1, low mp 1, sense surroundings 2,
slow regeneration 3
a: Device Recharging


You were on level 7 of the Dungeon.
You were near starving.

You visited 1 branch of the dungeon, and saw 7 of its levels.

You collected 444 gold pieces.
You spent 138 gold pieces at shops.

Inventory:

Hand Weapons
 a - a +1 war axe (weapon)
Armour
 b - a +0 scale mail (worn)
 c - a +0 shield (worn)
 k - a +0 pair of gloves (worn)
 C - a +0 pair of boots (worn)
Jewellery
 j - an uncursed ring of protection from fire
 n - an uncursed ring of protection from fire
 t - a +4 ring of evasion (right hand)
 w - an uncursed ring of protection from cold
 F - an amulet of magic regeneration (around neck)
 J - a ring of magical power (left hand)
Wands
 e - a wand of heal wounds (0/9)
 p - a wand of paralysis (11/24)
 B - a wand of heal wounds (0/9)
 K - a wand of iceblast (9/15)
Scrolls
 m - 3 scrolls of amnesia
 q - a scroll of enchant armour
 s - a scroll of fear
 y - a scroll of teleportation
 E - a scroll of identify
 L - a scroll of remove curse
Potions
 d - a potion of might
 g - 3 potions of heal wounds
 l - 3 potions of flight
 r - 3 potions of curing
 u - a potion of degeneration {unknown}
 v - a potion of lignification {unknown}
 x - a potion of agility {unknown}
 z - a potion of berserk rage
 A - a potion of mutation {unknown}
 D - a potion of brilliance {unknown}
 H - 2 potions of haste
 I - a potion of cancellation {unknown}
Books
 M - a book of Battle

   Spells                             Type                      Level
   a - Infusion                       Charms                       1
   b - Shroud of Golubria             Charms/Translocation         2
   c - Song of Slaying                Charms                       2
   d - Spectral Weapon                Hexes/Charms                 3
   e - Regeneration                   Charms/Necromancy            3
 N - a book of Alchemy

   Spells                             Type                      Level
   a - Sublimation of Blood           Necromancy                   2
   b - Ignite Poison                  Fire/Transmutation/Poison    3
   c - Petrify                        Transmutation/Earth          4
   d - Alistair's Intoxication        Transmutation/Poison         5
   e - Irradiate                      Conjuration/Transmutation    5
Comestibles
 f - 4 bread rations
 h - 3 beef jerkies
 i - 4 meat rations
 o - 3 fruits
 G - a slice of pizza


   Skills:
 + Level 5.2 Fighting
 + Level 6.1 Axes
 + Level 6.8 Armour
 + Level 5.8 Dodging
 + Level 7.3 Shields


You had 8 spell levels left.
You didn't know any spells.

Dungeon Overview and Level Annotations

Branches:
Dungeon (7/15)             Temple (0/1) D:7

Altars:
Cheibriados
Kikubaaqudgha
Nemelex Xobeh
Sif Muna

Shops:
D:4 ?}


Innate Abilities, Weirdness & Mutations

You are resistant to damage.
You can recharge devices by infusing magical energy.
You passively map the area around you.
You do not regenerate naturally.
You are frail (-10% HP).
Your magical capacity is low (-10% MP).


Message History

The bolt of electricity hits you! x2
The bolt of electricity hits the electric eel.
The electric eel completely resists.
The electric eel shoots out a bolt of lightning at you!
The bolt of electricity hits you!
You closely miss the electric eel. You miss the electric eel.
The electric eel shoots out a bolt of lightning at you!
The bolt of electricity hits you!
The electric eel shoots out a bolt of lightning at you!
The bolt of electricity hits you!
* * * LOW HITPOINT WARNING * * *
You are too injured to fight recklessly!
You are too injured to fight recklessly!
You are too injured to fight recklessly!
You are too injured to fight recklessly!
The electric eel shoots out a bolt of lightning at you!
The bolt of electricity hits you!
* * * LOW HITPOINT WARNING * * *
The bolt of electricity hits you!
You die...

* , , * * , ,, , , ,
, * * , *,* * * , *.
, ########## * .. , *
#......... , * ,.. *
* #.≈≈≈≈≈≈≈≈
*#.#.######†≈;≈≈≈≈≈≈≈
≈ #....>...'@≈;≈≈≈≈≈≈
≈ + #......#.≈≈≈≈≈≈≈≈
≈ #####.##.........
,, *
##.##.############ *
##...#.##.........# *
##.......+.........+
, ,,
#.....#.##.......[.#
#.....#.# #..<...# *
#.......# ##.....# ≈≈
≈


You could see 2 electric eels.

Vanquished Creatures
  Prince Ribbit (D:5)
  Sigmund (D:5)
  A soldier ant (D:7)
  A water moccasin (D:5)
  2 phantoms (D:4)
  2 sky beasts
  4 ogres
  Blork the orc (D:6)
  2 giant frogs
  A gnoll sergeant (D:6)
  A crimson imp (D:6)
  2 centaur zombies
  2 hounds
  3 jellies
  2 orc wizards (D:6)
  Ijyb (D:2)
  An iguana (D:7)
  4 worker ants
  A howler monkey zombie (D:7)
  A worker ant zombie (D:5)
  7 adders
  5 gnolls (D:6)
  A shadow imp (D:5)
  An ooze (D:2)
  2 adder zombies (D:5)
  4 worms
  3 dart slugs (D:2)
  9 giant geckos
  2 orcs
  A ball python (D:1)
  6 bats
  6 giant cockroaches
  16 goblins
  5 hobgoblins
  8 jackals
  4 quokkas
  5 giant newts
  4 kobolds
  5 rats
128 creatures vanquished.

Notes
Turn   | Place    | Note
--------------------------------------------------------------
     0 | D:1      | manyhoops the Deep Dwarf Fighter began the quest for the Orb.
     0 | D:1      | Reached XP level 1. HP: 20/20 MP: 1/1
   224 | D:1      | Reached XP level 2. HP: 25/27 MP: 2/2
   843 | D:2      | Reached XP level 3. HP: 16/33 MP: 3/3
   897 | D:2      | Noticed Ijyb
   916 | D:2      | Killed Ijyb
   916 | D:2      | Reached XP level 4. HP: 17/42 MP: 4/4
   967 | D:2      | Found a snail-covered altar of Cheibriados.
  1347 | D:2      | Reached skill level 1 in Dodging
  1794 | D:3      | Reached XP level 5. HP: 35/49 MP: 5/5
  2166 | D:3      | Found a deep blue altar of Sif Muna.
  2405 | D:4      | Reached skill level 4 in Shields
  2421 | D:4      | Noticed a phantom
  2460 | D:4      | Killed a phantom
  2460 | D:4      | Reached XP level 6. HP: 21/56 MP: 6/6
  2519 | D:4      | Found Raij's Gadget Shop.
  2806 | D:4      | Reached skill level 5 in Armour
  2806 | D:4      | Reached skill level 5 in Shields
  2806 | D:4      | Reached XP level 7. HP: 23/63 MP: 7/7
  3025 | D:4      | Gained mutation: You have large cloven feet. [mutagenic meat]
  3026 | D:4      | Lost mutation: You have large cloven feet. [mutagenic meat]
  3027 | D:4      | Gained mutation: Your magical capacity is low (-10% MP). [mutagenic meat]
  3028 | D:4      | Gained mutation: You are frail (-10% HP). [mutagenic meat]
  3103 | D:4      | Found Kosh's Magic Scroll Shoppe.
  3108 | D:4      | Bought a scroll of identify for 24 gold pieces
  3108 | D:4      | Bought a scroll of identify for 24 gold pieces
  3108 | D:4      | Bought a scroll of enchant armour for 90 gold pieces
  3261 | D:5      | Entered Level 5 of the Dungeon
  3590 | D:5      | Noticed Prince Ribbit
  3592 | D:5      | Noticed Sigmund
  3611 | D:5      | Killed Sigmund
  3611 | D:5      | Reached skill level 5 in Axes
  3611 | D:5      | Reached XP level 8. HP: 36/65 MP: 6/6
  3783 | D:5      | Killed Prince Ribbit
  3783 | D:5      | Reached skill level 6 in Shields
  4170 | D:5      | Reached skill level 5 in Dodging
  4255 | D:6      | Noticed Blork the orc
  4262 | D:6      | Killed Blork the orc
  4290 | D:6      | Found a sparkling altar of Nemelex Xobeh.
  4461 | D:6      | Reached skill level 5 in Fighting
  4918 | D:7      | Reached skill level 7 in Shields
  5049 | D:7      | Found an ancient bone altar of Kikubaaqudgha.
  5060 | D:7      | Gained mutation: You passively map the area around you. [Deep Dwarf growth]
  5060 | D:7      | Reached XP level 9. HP: 47/72 MP: 5/5
  5389 | D:7      | Killed from afar by an electric eel

Skill      XL: |  1  2  3  4  5  6  7  8  9 |
---------------+----------------------------+-----
Armour         | 4 5 6 |  6.8
Fighting       | 3 4 5 |  5.2
Axes           | 3 4 5 6 |  6.1
Dodging        | 1 2 3 4 5 |  5.8
Shields        | 4 5 7 |  7.3

Action                   |  1- 3 |  4- 6 |  7- 9 || total
-------------------------+-------+-------+-------++-------
Melee: War axe           |    74 |   239 |   355 ||   668
 Abil: Device Recharging |       |       |     4 ||     4
Evoke: Wand              |       |     4 |    14 ||    18
  Use: Scroll            |       |     5 |     8 ||    13
       Potion            |       |       |     2 ||     2
 Stab: Paralysed         |       |       |     4 ||     4
  Eat: Chunk             |       |     7 |     7 ||    14
       Meat ration       |       |       |     1 ||     1
Armor: Scale mail        |    31 |    90 |    92 ||   213
Dodge: Dodged            |    19 |   107 |   262 ||   388
Block: Shield            |    35 |   138 |   222 ||   395
